 Dungeon Crawl Stone Soup version 0.30-a0-371-gad7725a93e (webtiles) character file.

Game seed: 2793969857441934761

3 Maxmaps the Trooper (level 1, -1/18 HPs)
             Began as a Formicid Monk on Nov 21, 2022.
             Slain by a kobold
             ... wielding a +0 dagger
              (3 damage)
             ... on level 1 of the Dungeon.
             The game lasted 00:00:13 (183 turns).

Maxmaps the Trooper (Formicid Monk)                  Turns: 183, Time: 00:00:14

Health: -1/18      AC:  2    Str: 15    XL:     1   Next: 55%
Magic:  1/1        EV: 13    Int:  9    God:
Gold:   0          SH:  0    Dex: 16    Spells: 0/0 levels left

rFire   . . .      SeeInvis +    a - +0 falchion
rCold   . . .      Faith    .    (no shield)
rNeg    . . .      Spirit   .    b - +0 robe
rPois   .          Reflect  .    (helmet unavailable)
rElec   .          Harm     .    (no cloak)
rCorr   .          Rampage  .    (no gloves)
Will    .....                    (no boots)
Stlth   ++........               (no amulet)
HPRegen 0.23/turn                (no ring)
MPRegen 0.07/turn                (no ring)

@: no status effects
A: permanent stasis, dig shafts and tunnels, antennae 3, four strong arms
a: Dig, Shaft Self


You were on level 1 of the Dungeon.
You visited 1 branch of the dungeon, and saw 1 of its levels.

Inventory:

Hand Weapons
 a - a +0 falchion (weapon)
Armour
 b - a +0 robe (worn)
Scrolls
 e - a scroll of torment {unknown}
 f - a scroll of silence {unknown}
 g - a scroll of magic mapping {unknown}
Potions
 c - a potion of ambrosia
 d - a potion of heal wounds {unknown}


   Skills:
 - Level 3.2 Fighting
 - Level 3.1 Long Blades
 + Level 0.7 Armour
 - Level 2.6 Dodging
 - Level 2.4 Stealth


You couldn't memorise any spells.
You didn't know any spells.
Your spell library was empty.

Dungeon Overview and Level Annotations

Branches:
Dungeon (1/15)

Altars:

Shops:
D:1 :


Innate Abilities, Weirdness & Mutations

You cannot be hasted, slowed, berserked, paralysed or teleported.
You can dig through walls and to a lower floor.
You have a pair of large antennae on your head. (SInv)
Your four strong arms can wield two-handed weapons with a shield.


Message History

A quokka comes into view.
Found 14 gold pieces.
The bat barely misses you. The kobold hits you with a +0 dagger.
You closely miss the kobold. The bat hits you but does no damage.
The kobold hits you with a +0 dagger.
You closely miss the kobold. The bat barely misses you.
The kobold barely misses you.
You hit the kobold but do no damage. The bat hits you but does no damage.
The kobold hits you but does no damage.
You barely miss the bat. The bat hits you but does no damage. x2
The kobold barely misses you.
You closely miss the kobold. The bat closely misses you.
The kobold closely misses you.
The quokka bites you but does no damage.
You completely miss the kobold. The kobold hits you with a +0 dagger.
The quokka bites you. The kobold hits you with a +0 dagger.
You are too injured to fight recklessly!
You are too injured to fight recklessly!
You are too injured to fight recklessly!
You are too injured to fight recklessly!
You are too injured to fight recklessly!
You are too injured to fight recklessly!
You are too injured to fight recklessly!
You are too injured to fight recklessly!
You are too injured to fight recklessly!
You are too injured to fight recklessly!
You are too injured to fight recklessly!
You are too injured to fight recklessly!
You are too injured to fight recklessly!
You are too injured to fight recklessly!
You are too injured to fight recklessly!
You are too injured to fight recklessly!
You are too injured to fight recklessly!
The kobold attacks as you move away! The kobold hits you with a +0 dagger.
The quokka attacks as you move away! The quokka bites you.
* * * LOW HITPOINT WARNING * * *
The kobold attacks as you move away! The kobold hits you with a +0 dagger.
* * * LOW HITPOINT WARNING * * *
The kobold attacks as you move away! The kobold hits you with a +0 dagger.
You die...

###########
############..........
..............#######
#..######...# #
#...........# #
#.@######...# ### #Kr#
##..# #.. #.b#
#..#####.. #.$#
#......... .....
#....###.. ........
#...## ### #$.#.##.#..
#..## #. #. .. ..#..#
#..# #. # .#. #.#.∩#
#..######.


You could see a quokka, a bat and a kobold.

Vanquished Creatures
  An endoplasm (D:1)
  A kobold (D:1)
  A rat (D:1)
3 creatures vanquished.

Notes
Turn   | Place    | Note
-------+----------+-------------------------------------------
     0 | D:1      | Maxmaps the Formicid Monk began the quest for the Orb.
     0 | D:1      | Reached XP level 1. HP: 18/18 MP: 1/1
   172 | D:1      | Found Uziclaka's Book Boutique.
   183 | D:1      | Slain by a kobold

Illustrated notes

Levels and vault maps discovered:
D:1:      dpeg_arrival_rooms_b, layout_loops_ring,
          hellmonk_ecumenical_altar_heavens_door, serial_shops, shop

Action                   || total
-------------------------++-------
Melee: Falchion          ||    14
Armor: Robe              ||     8
Dodge: Dodged            ||     9

Table legend: (Time is in decaauts)
 A = Elapsed time spent in this place.
 B = Non-inter-level travel time spent in this place.
 C = Inter-level travel time spent in this place.
 D = Time resting spent in this place.
 E = Time spent auto-exploring this place.
 F = Levels seen in this place.
 G = Mean time per level.
                   A        B        C        D        E       F      G
               +--------+--------+--------+--------+--------+-----+--------+
         Total |    185 |    185 |      0 |     40 |    106 |   1 |  185.0 |
       Dungeon |    185 |    185 |      0 |     40 |    106 |   1 |  185.0 |
               +--------+--------+--------+--------+--------+-----+--------+

Top non-repeatable levels by time:
     D:1: 185 daAuts
